 Dungeon Crawl Stone Soup version 0.30-a0-141-g30f27751c5 (webtiles) character file.

Game seed: 13584454291318737736

45 qw the Chopper (level 3, -1/23 HPs)
             Began as a Gargoyle Fighter on Sept 25, 2022.
             Slain by a gnoll
             ... wielding a +0 spear
              (7 damage)
             ... on level 2 of the Dungeon.
             The game lasted 00:00:20 (685 turns).

qw the Chopper (Gargoyle Fighter)                    Turns: 685, Time: 00:00:21

Health: -1/23      AC: 12    Str: 21    XL:     3   Next: 64%
Magic:  3/3        EV:  7    Int:  8    God:
Gold:   59         SH:  4    Dex:  9    Spells: 2/2 levels left

rFire   + . .      SeeInvis .    Y - +0 war axe
rCold   . . .      Faith    .    c - +0 buckler
rNeg    + . .      Spirit   .    g - +0 chain mail
rPois   inf        Reflect  .    (no helmet)
rElec   +          Harm     .    (no cloak)
rCorr   .          Rampage  .    (no gloves)
Will    .....                    (no boots)
Stlth   ..........               (no amulet)
HPRegen 0.07/turn                i - ring of protection from fire
MPRegen 0.08/turn                (no ring)

@: no status effects
A: sickness immunity, AC +3, negative energy resistance 1, electricity
resistance, torment resistance 1, petrification resistance
a: no special abilities


You were on level 2 of the Dungeon.
You visited 1 branch of the dungeon, and saw 2 of its levels.

You collected 59 gold pieces.


Innate Abilities, Weirdness & Mutations

You are immune to sickness and miasma.
Your stone body is resilient. (AC +3)
You are immune to poison.
You resist negative energy. (rN+)
You are resistant to electric shocks. (rElec)
You are resistant to unholy torment.
You are immune to petrification.


   Skills:
 - Level 3.2 Fighting
 + Level 3.5 Axes
 - Level 3.2 Armour
 - Level 3.2 Shields


You had 2 spell levels left.
You didn't know any spells.
Your spell library was empty.

Inventory:

Hand Weapons
 j - a +0 whip
 Y - a +0 war axe (weapon)
Armour
 c - a +0 buckler (worn)
 g - a +0 chain mail (worn)
Jewellery
 i - a ring of protection from fire (left hand)
Potions
 d - a potion of might
 h - a potion of heal wounds {unknown}

Dungeon Overview and Level Annotations

Branches:
Dungeon (2/15)

Altars:

Shops:
D:2 (

Annotations:
D:2 Jessica


Message History

A gnoll comes into view. It is wielding a +0 halberd.
A gnoll comes into view. It is wielding a +1 flail of draining.
The gnoll shouts!
A gnoll comes into view. It is wielding a +0 spear.
The gnoll shouts!
A kobold comes into view. It is wielding a +0 short sword.
The kobold shouts!
The goblin hits you but does no damage.
You hit the goblin.
You kill the goblin!
You block the gnoll's attack.
Jessica the Apprentice Sorceress comes into view.
She is wielding a +0 club and wearing a +0 robe of cold resistance.
You block the gnoll's attack.
Jessica shouts!
You slash the gnoll!
The gnoll is heavily wounded.
You hear a shout!
A gnoll comes into view. It is wielding a +0 whip.
You block the gnoll's attack.
You hit the gnoll.
The gnoll is almost dead.
Jessica gestures wildly while chanting.
Jessica seems to speed up.
The gnoll barely misses you.
The gnoll throws a throwing net.
The throwing net closely misses you.
The gnoll hits you from afar with a +0 spear.
The gnoll hits you with a +1 flail of draining.
You slash the gnoll!
You kill the gnoll!
You slash the kobold!
You kill the kobold!
You block the gnoll's attack.
Jessica shouts, "You're disturbing me!
I'll have to kill you!" Jessica hits you with a +0 club.
You hit Jessica but do no damage. Jessica barely misses you.
You block the gnoll's attack.
The gnoll hits you from afar with a +0 halberd!
Jessica gestures wildly while chanting.
Jessica blinks!
The gnoll hits you with a +0 spear!
You die...

.## ##. ####%# ...##..
#...# #..#..
#######.### #
#..(.#######.......#
..##...........#######
#....=.$.....###
............(#
#.....).)....#
#......@.....#
#.\...ggg..>.#
.....=....####
#...........
#.........###
#.@.......#
..........#
#.........#


You could see 3 gnolls and Jessica (fast).

Vanquished Creatures
  A gnoll (D:2)
  2 dart slugs
  3 ball pythons (D:1)
  3 endoplasms (D:1)
  A giant cockroach (D:1)
  3 goblins
  3 hobgoblins (D:1)
  2 kobolds
  A quokka (D:1)
  4 bats (D:1)
  2 frilled lizards (D:1)
  3 rats (D:1)
28 creatures vanquished.

Notes
Turn   | Place    | Note
-------+----------+-------------------------------------------
     0 | D:1      | qw the Gargoyle Fighter began the quest for the Orb.
     0 | D:1      | Reached XP level 1. HP: 14/14 MP: 1/1
     0 | D:1      | 0 ||| qw: Version: 0.2-a-10-g399e6c4
     0 | D:1      | 0 ||| qw: Game counter: 273
     0 | D:1      | 0 ||| qw: Always use a shield: true
     0 | D:1      | 0 ||| qw: God list: Okawaru
     0 | D:1      | 0 ||| qw: Allow faded altars: false
     0 | D:1      | 0 ||| qw: Do Orc after D:15 true
     0 | D:1      | 0 ||| qw: Do second Lair branch before Depths: true
     0 | D:1      | 0 ||| qw: Lair rune preference: random
     0 | D:1      | 0 ||| qw: Plans: Normal, Zot:1-4, God:TSO, Crypt, Tomb,
                  | Pan, Slime:5, Hells, Abyss, Orb
     0 | D:1      | 0 ||| PLANNING D:1-11
    40 | D:1      | 40 ||| Stepping ~*~*~tactically~*~*~ (stealth).
    98 | D:1      | 98 ||| Stepping ~*~*~tactically~*~*~ (stealth).
   101 | D:1      | 101 ||| Stepping ~*~*~tactically~*~*~ (stealth).
   103 | D:1      | 103 ||| Stepping ~*~*~tactically~*~*~ (hiding).
   111 | D:1      | Reached XP level 2. HP: 17/19 MP: 2/2
   347 | D:1      | Reached skill level 3 in Axes
   408 | D:1      | Reached XP level 3. HP: 23/23 MP: 3/3
   468 | D:1      | Found a faded altar of an unknown god.
   558 | D:1      | 558 ||| UPGRADING to +0 chain mail.
   568 | D:1      | 568 ||| DROPPING +0 scale mail.
   569 | D:1      | 569 ||| UPGRADING to ring of protection from fire.
   570 | D:1      | 570 ||| READING scroll labelled QIHADD JIRIS.
   571 | D:1      | 571 ||| READING scroll labelled USEXEAVAUK.
   624 | D:2      | 624 ||| FLEEEEING.
   677 | D:2      | Found Kouneon's Weapon Emporium.
   680 | D:2      | Noticed Jessica
   685 | D:2      | Slain by a gnoll

Levels and vault maps discovered:
D:1:      zelgadis_glass_arrival_small, layout_basic,
          ebering_ecumenical_altar_box
D:2:      layout_rooms, serial_shops, shop, uniq_jessica

Skill      XL: |  1  2 |
---------------+-------+-----
Axes           | 2 3 |  3.5
Fighting       | |  3.2
Armour         | |  3.2
Shields        | |  3.2

Action                   || total
-------------------------++-------
Melee: War axe           ||    64
  Use: Scroll            ||     2
Armor: Scale mail        ||    26
       Chain mail        ||     2
Dodge: Dodged            ||    25
Block: Buckler           ||    13

Table legend:
 A = Non-vault XP
 B = Vault XP
 C = Vault XP percentage of total XP
 D = Non-vault monster count
 E = Vault monster count
 F = Vault count percentage of total count
                 A         B        C        D         E       F
            +---------+---------+-------+---------+---------+-------
      Total |      65 |       0 |   0.0 |      28 |       0 |   0.0
            +---------+---------+-------+---------+---------+-------
        D:1 |      44 |       0 |   0.0 |      24 |       0 |   0.0
        D:2 |      21 |       0 |   0.0 |       4 |       0 |   0.0
            +---------+---------+-------+---------+---------+-------
